 Dungeon Crawl Stone Soup version 0.28.0-49-g6dfe1f597d (webtiles) character file.

Game seed: 12824061408138161629

147 Zeld the Gusty (level 5, -6/30 HPs)
             Began as a Tengu Air Elementalist on May 18, 2022.
             Mangled by Blork the orc
             ... wielding a +0 scimitar
              (10 damage)
             ... on level 4 of the Dungeon.
             The game lasted 00:04:41 (3815 turns).

Zeld the Gusty (Tengu Air Elementalist)             Turns: 3815, Time: 00:04:42

Health: -6/30      AC:  2    Str:  9    XL:     5   Next: 29%
Magic:  0/10       EV: 15    Int: 17    God:
Gold:   36         SH:  0    Dex: 14    Spells: 0/10 levels left

rFire   . . .      SeeInvis .   (no weapon)
rCold   . . .      Faith    .   (no shield)
rNeg    . . .      Spirit   .   a - +0 robe
rPois   .          Reflect  .   (helmet restricted)
rElec   .          Harm     .   (no cloak)
rCorr   .          Rampage  .   (no gloves)
Will    .....                   (boots unavailable)
Stlth   ++........              (no amulet)
HPRegen 0.10/turn               (no ring)
MPRegen 0.12/turn               (no ring)

@: flying quickly and evasively, very slightly contaminated, quick
A: beak, talons 3, nimble flight
a: no special abilities


You were on level 4 of the Dungeon.
You visited 1 branch of the dungeon, and saw 4 of its levels.

You collected 101 gold pieces.
You spent 65 gold pieces at shops.

Inventory:

Armour
 a - a +0 robe (worn)
Wands
 l - a wand of flame (12)
Scrolls
 b - a scroll of vulnerability {unknown}
 c - a scroll of blinking {unknown}
 e - a scroll of torment {unknown}
 g - 3 scrolls of teleportation
 i - 2 scrolls of enchant weapon {unknown}
 k - 2 scrolls of magic mapping
 m - a scroll of identify {unknown}
Potions
 d - a potion of might {unknown}
 f - a potion of lignification {unknown}
 h - a potion of magic {unknown}
 j - a potion of cancellation {unknown}


   Skills:
 * Level 2.1 Fighting
 + Level 2.8 Dodging
 - Level 2.0 Stealth
 * Level 3.1 Spellcasting
 - Level 2.0 Conjurations
 * Level 5.2 Air Magic


You couldn't memorise any spells.
You knew the following spells:

 Your Spells              Type           Power      Damage    Failure   Level
a - Shock                 Conj/Air       60%        1d6       4%          1
b - Static Discharge      Conj/Air       15%        N/A       6%          2
c - Swiftness             Air            20%        N/A       6%          3
d - Airstrike             Air            10%        N/A       21%         4

Your spell library contained the following spells:

 Spells                   Type           Power      Damage    Failure   Level
 Frozen Ramparts          Ice            4%         1d2       45%         3
 Portal Projectile        Hex/Tloc       4%         N/A       45%         3
 Cause Fear               Hex            1%         N/A       86%         4
 Ice Form                 Ice/Tmut       2%         N/A       86%         4
 Summon Ice Beast         Ice/Summ       2%         N/A       86%         4
 Blade Hands              Tmut           1%         N/A       99%         5
 Excruciating Wounds      Necr           1%         N/A       99%         5
 Dragon Form              Tmut           1%         N/A       100%        7
 Dragon's Call            Summ           1%         N/A       100%        9


Dungeon Overview and Level Annotations

Branches:
Dungeon (4/15)
 Temple: D:4-7

Altars:
Zin

Shops:
D:1 *

Annotations:
D:4 Blork the orc


Innate Abilities, Weirdness & Mutations

You have a beak for a mouth.
You have claws for feet.
Your magical nature lets you fly swiftly and evasively.


Message History

Blork the orc hits you with a +0 scimitar!
Ouch! That really hurt!
* * * LOW HITPOINT WARNING * * *
Casting: Static Discharge (safe; 6% risk of failure)
Confirm with . or Enter, or press ? or * to list all spells.
You miscast Static Discharge.
You are very lightly contaminated with residual magic.
Nothing appears to happen.
Blork the orc drinks a potion.
Blork the orc is healed!
Casting: Static Discharge (safe; 6% risk of failure)
Confirm with . or Enter, or press ? or * to list all spells.
Aiming: Shock (safe; 4% risk of failure)
Press: ? - help, Shift-Dir - straight line, f/p - Blork the orc
Aim: Blork the orc, wielding a +0 scimitar and wearing a +0 robe (heavily wounded, 75% to hit)
The zap hits Blork the orc.
Blork the orc is severely wounded.
Blork the orc barely misses you.
Blork the orc mumbles some strange words.
Blork the orc seems to speed up.
Aiming: Throw Flame
Press: ? - help, Shift-Dir - straight line, f/p - Blork the orc
Aim: Blork the orc, wielding a +0 scimitar and wearing a +0 robe (severely wounded, fast, 72% to hit)
The puff of flame hits Blork the orc.
Blork the orc is severely wounded.
Blork the orc closely misses you.
Aiming: Throw Flame
Press: ? - help, Shift-Dir - straight line, f/p - Blork the orc
Aim: Blork the orc, wielding a +0 scimitar and wearing a +0 robe (severely wounded, fast, 72% to hit)
The puff of flame hits Blork the orc!
Blork the orc is almost dead.
Blork the orc looks braver for a moment.
Unknown command.
Casting: Shock (safe; 4% risk of failure)
Confirm with . or Enter, or press ? or * to list all spells.
Aiming: Shock (safe; 4% risk of failure)
Press: ? - help, Shift-Dir - straight line, f/p - Blork the orc
Aim: Blork the orc, wielding a +0 scimitar and wearing a +0 robe (almost dead, fast, 75% to hit)
The zap misses Blork the orc.
Blork the orc barely misses you.
Blork the orc hits you with a +0 scimitar!
You die...

#.#..# ..#. ....>.
.... #.#... #..#
#.#... ♣..# #.....
#..# ###... ♣..#
##### #.....
#..#######...###.....
♣..o@......#.........
#.########[..###.....
♣.# ##### #..... #.#
###.## ♣.# #.## ..#
#... ..# #### ...#
...# ## #


You could see Blork the orc (fast).

Vanquished Creatures
  2 jellies
  An adder (D:3)
  3 worms
  2 orcs
  6 endoplasms
  A giant cockroach (D:3)
  6 goblins
  5 hobgoblins
  13 jackals
  7 ball pythons
  4 bats (D:1)
  3 frilled lizards
  6 kobolds
  3 rats
62 creatures vanquished.

Vanquished Creatures (others)
  A plant (D:1)
  2 withered plants (D:1)
3 creatures vanquished.

Grand Total: 65 creatures vanquished

Notes
Turn   | Place    | Note
-------+----------+-------------------------------------------
     0 | D:1      | Zeld the Tengu Air Elementalist began the quest for the
                  | Orb.
     0 | D:1      | Reached XP level 1. HP: 10/10 MP: 4/4
     6 | D:1      | Noticed a swamp drake
     7 | D:1      | Noticed a black bear
     7 | D:1      | Noticed a water moccasin
   195 | D:1      | Reached XP level 2. HP: 16/16 MP: 0/6
   256 | D:1      | Found Gayn Omo's General Store.
  1006 | D:1      | Found a faded altar of an unknown god.
  1037 | D:1      | Reached XP level 3. HP: 20/20 MP: 3/7
  1040 | D:1      | Learned a level 2 spell: Static Discharge
  1045 | D:1      | Learned a level 3 spell: Swiftness
  1427 | D:2      | Reached skill level 1 in Fighting
  2339 | D:3      | Reached XP level 4. HP: 17/25 MP: 1/9
  2479 | D:3      | Found a glowing silver altar of Zin.
  3243 | D:3      | Reached skill level 5 in Air Magic
  3439 | D:1      | Bought a scroll of magic mapping for 35 gold pieces
  3439 | D:1      | Bought a scroll of teleportation for 30 gold pieces
  3502 | D:4      | Gained mutation: Your magical nature lets you fly swiftly
                  | and evasively. [Tengu growth]
  3502 | D:4      | Reached XP level 5. HP: 27/30 MP: 2/10
  3507 | D:4      | Learned a level 4 spell: Airstrike
  3795 | D:4      | Noticed Blork the orc
  3815 | D:4      | Mangled by Blork the orc

Illustrated notes

Levels and vault maps discovered:
D:1:      onia_arrival_zoo_common, layout_basic,
          shapermc_ecumenical_altar_flowoftime, serial_shops, shop
D:2:      layout_rooms
D:3:      layout_basic, mainiacjoe_overflow_tiny_flanked, minmay_misc_feat_x
D:4:      layout_loops_ring, serial_forest, infiniplex_forest_straight_4,
          infiniplex_forest_lined_room_3, infiniplex_forest_straight_2,
          infiniplex_forest_lined_ring, infiniplex_forest_lined_room_3,
          infiniplex_forest_lined_3_way, infiniplex_forest_end_2,
          chequers_arboretum, hangedman_glass_garden, uniq_blork_the_orc,
          uniq_edmund

Skill      XL: |  1  2  3  4 |
---------------+-------------+-----
Fighting       | 1 2 |  2.1
Conjurations   | 2 |  2.0
Spellcasting   | 3 |  3.1
Air Magic      | 5 |  5.2
Dodging        | |  2.8
Stealth        | |  2.0

Action                   |  1- 3 |  4- 6 || total
-------------------------+-------+-------++-------
Melee: Unarmed           |    17 |     2 ||    19
       Kick              |     7 |       ||     7
       Peck              |     3 |       ||     3
 Cast: Shock             |    87 |    49 ||   136
       Static Discharge  |     3 |     4 ||     7
Evoke: Wand              |       |     2 ||     2
Armor: Robe              |     3 |     2 ||     5
Dodge: Dodged            |    17 |    15 ||    32
